 Dungeon Crawl Stone Soup version 0.30-a0-304-gdc4b735fe1 (webtiles) character file.

Game seed: 4556572200770989532

4733 ryw the Fighter (level 10, -5/90 HPs)
             Began as a Demonspawn Monk on Oct 21, 2022.
             Was a Believer of Ashenzari.
             Slain by a yak (13 damage)
             ... on level 8 of the Dungeon.
             The game lasted 00:29:50 (10768 turns).

ryw the Fighter (Demonspawn Monk)                  Turns: 10768, Time: 00:29:50

Health: -5/90      AC:  9    Str: 12    XL:     10   Next: 22%
Magic:  16/16      EV: 14    Int: 16    God:    Ashenzari [**....]
Gold:   943        SH:  0    Dex: 15    Spells: 15/18 levels left

rFire   + . .      SeeInvis +    a - +2 trident of Ashenzari's Elitism {Alch, Comp} (curse)
rCold   . . .      Faith    .    (no shield)
rNeg    . . .      Spirit   .    y - +2 robe "I Foresaw This" {rF+, Fort, Melee} (curse)
rPois   .          Reflect  .    f - +1 helmet "Gaze Upon Infinity" {Range, Self} (curse)
rElec   .          Harm     .    (no cloak)
rCorr   .          Rampage  .    (no gloves)
Will    .....                    o - +1 pair of boots
Stlth   ++........               (no amulet)
HPRegen 0.35/turn                e - ring of flight
MPRegen 0.15/turn                l - ring of wizardry

@: flying
A: demonic guardian 2, powered by death 2, sharp scales 1, demonic touch 1
a: Renounce Religion, Shatter the Chains


You were on level 8 of the Dungeon.
You worshipped Ashenzari.
Ashenzari was pleased with you.
You visited 1 branch of the dungeon, and saw 9 of its levels.
You also visited: Ossuary.

You collected 1281 gold pieces.
You spent 338 gold pieces at shops.

Inventory:

Hand Weapons
 a - the cursed +2 trident of Ashenzari's Elitism (weapon) {Alch, Comp}
   (You took it off a wight on level 4 of the Dungeon)

   It has a curse which improves the following skills: Alchemy: Poison Magic and
   Transmutations.
   Companions: Summonings and Necromancy.
 b - a +0 sling
 z - a +3 falchion
 F - a +2 bardiche of venom
Missiles
 m - 13 poisoned darts (quivered)
 x - 8 curare-tipped darts
 C - an atropa-tipped dart
 G - 2 throwing nets
Armour
 f - the cursed +1 helmet "Gaze Upon Infinity" (worn) {Range, Self}
   (You found it on level 1 of the Dungeon)

   It has a curse which improves the following skills: Ranged Combat: Ranged
   Weapons and Throwing.
   Introspection: Fighting and Spellcasting.
 o - a +1 pair of boots (worn)
 t - a +0 helmet
 y - the cursed +2 robe "I Foresaw This" (worn) {rF+, Fort, Melee}
   (You took it off Pikel on level 7 of the Dungeon)

   It has a curse which improves the following skills: Fortitude: Armour and
   Shields.
   Melee Combat: Short Blades, Long Blades, Axes, Maces & Flails, Polearms,
   Staves and Unarmed Combat.
 K - a +1 ring mail of willpower
 L - a +1 helmet
Magical Staves
 i - a staff of conjuration
 B - a staff of fire
Jewellery
 e - a ring of flight (left hand)
 l - a ring of wizardry (right hand)
 H - a ring of magical power
 M - a ring of wizardry
 N - a ring of ice
Wands
 s - a wand of iceblast (7)
 I - a wand of acid (9)
 O - a wand of flame (9)
Scrolls
 d - 3 scrolls of magic mapping
 h - 2 scrolls of teleportation
 r - a scroll of amnesia
 v - a scroll of silence
 w - a scroll of noise
 A - a scroll of enchant weapon
Potions
 c - 2 potions of magic
 g - 2 potions of resistance
 j - 2 potions of degeneration
 k - 3 potions of flight
 n - a potion of attraction
 p - 2 potions of might
 q - a potion of berserk rage
 u - a potion of lignification
 D - a potion of brilliance
 E - a potion of experience
 J - a potion of mutation


   Skills:
 + Level 11.1(12.3) Fighting
 + Level 5.0(6.2) Polearms
 + Level 3.3(4.4) Ranged Weapons
 + Level 4.4 Dodging
 - Level 1.7 Stealth
 - Level 2.6(3.7) Unarmed Combat
 - Level 3.4(4.5) Spellcasting
 + Level 5.4 Conjurations


You had 15 spell levels left.
You knew the following spells:

 Your Spells              Type           Power      Damage    Failure   Level
a - Call Canine Familiar  Summ           4%         N/A       17%         3

Your spell library contained the following spells:

 Spells                   Type           Power      Damage    Failure   Level
 Portal Projectile        Hex/Tloc       6%         N/A       19%         3
 Leda's Liquefaction      Hex/Erth       1%         N/A       52%         4


Dungeon Overview and Level Annotations

Branches:
Dungeon (9/15)             Temple (0/1) D:5         Ossuary (visited)
   Lair: D:8-11         Orc: D:9-12

Altars:
Ashenzari
Cheibriados
Fedhas
Gozag
Kikubaaqudgha
Makhleb
Nemelex Xobeh
Ru
Trog
Vehumet
Wu Jian
Xom

Shops:
D:4 (   D:7 *

Annotations:
D:5 2 transporters, Hubris850's ghost, novice OgFE
D:8 3 runed translucent doors, Daunt's ghost, novice OpVM


Innate Abilities, Weirdness & Mutations

A demonic guardian rushes to your aid.
You regenerate health from kills.
You are partially covered in razor-sharp scales. (AC +1, Slay +1)
Your touch may inflict minor irresistible damage on your foes.


Message History

The yak attacks as you move away! The yak barely misses you.
The yak attacks as you move away! The yak gores you but does no damage.
The yak attacks as you move away! The yak gores you!
The yak attacks as you move away! The yak gores you but does no damage.
The yak attacks as you move away! The yak barely misses you.
The yak attacks as you move away! The yak barely misses you.
The yak attacks as you move away! The yak misses you.
The yak attacks as you move away! The yak barely misses you.
The yak attacks as you move away! The yak closely misses you.
The yak attacks as you move away! The yak closely misses you.
The yak attacks as you move away! The yak barely misses you.
The yak attacks as you move away! The yak gores you.
The yak attacks as you move away! The yak barely misses you.
The yak attacks as you move away! The yak misses you.
The yak attacks as you move away! The yak gores you but does no damage.
You see here a +0 club.
The yak attacks as you move away! The yak gores you!
* * * LOW HITPOINT WARNING * * *
The yak attacks as you move away! The yak gores you.
* * * LOW HITPOINT WARNING * * *
There is a stone staircase leading up, spattered with blood here.
The yak gores you.
* * * LOW HITPOINT WARNING * * *
A demonic guardian appears!
You fly upwards.
Level annotation: 3 runed translucent doors, Daunt's ghost, novice OpVM
There is a stone staircase leading down here.
Unknown command.
The yak gores you but does no damage. The yak misses you.
Things that are here:
a +0 robe; a +0 hand axe The yak attacks as you move away!
The yak gores you but does no damage. The yak closely misses you.
The yak attacks as you move away! The yak barely misses you.
The centaur shouts!
The yak attacks as you move away! The yak gores you but does no damage.
The yak attacks as you move away! The yak gores you!
* * * LOW HITPOINT WARNING * * *
The yak attacks as you move away! The yak gores you!
You die...

....##..##..#####.......#..# #
....##..##..#....########..######
............#....'..............#
............#....#..............#
.................#..............#
####.............#'#####'#####'##
......###+++###..................
......#.......#.............[....
......#....c.c#.@...........)..<.
..##..#.#...#F#.YY...............
###...#..#.#.W#.Y.####.....####..
..#...#o#...#F#.[.#..#.....#..#..
..#...#o.$?=xo#..>#..'.....#..#..
..#...#......$#...#..#...[.#..#..
..#...#########...#..#.....#..#..
'##...............#.##.....#'##..
.................########........


You could see 3 yaks, an unseen horror (invisible), 2 bullfrogs, Daunt's ghost
and an orc.

Vanquished Creatures
  A wyvern (D:8)
  An ice beast (D:7)
  An ogre (D:4)
  A lemure (D:7)
  A kobold brigand (D:6)
  2 elf zombies (Ossuary)
  A bullfrog (D:7)
  2 scorpions (D:5)
  A water moccasin zombie (D:4)
  5 wights
  10 killer bees
  A howler monkey (D:7)
  A centaur zombie (Ossuary)
  A bullfrog zombie (D:4)
  2 human zombies
  A hound (D:6)
  2 gnoll boudas (D:7)
  An orc priest (D:9)
  4 orc wizards
  An iguana (D:7)
  Natasha (D:3)
  A scorpion zombie (D:4)
  5 mummies
  9 gnolls
  11 adders
  A white imp (D:6)
  An ufetubus (D:7)
  3 adder zombies
  2 dart slugs
  22 orcs
  8 endoplasms
  2 giant cockroaches (D:4)
  5 goblins
  9 hobgoblins
  5 jackals
  5 kobolds
  4 ball pythons
  3 bats
  4 frilled lizards
  A goblin zombie (Ossuary)
  8 hobgoblin zombies (Ossuary)
  12 kobold zombies (Ossuary)
  8 orc zombies (Ossuary)
  A quokka zombie (D:4)
  5 rats
  2 rat zombies (Ossuary)
178 creatures vanquished.

Vanquished Creatures (collateral kills)
  Harold (D:9)
  A two-headed ogre (D:9)
  Pikel (D:7)
  An orc warrior (D:9)
  An ogre (D:3)
  A phantom (D:2)
  6 killer bees
  A howler monkey (D:7)
  An orc priest (D:9)
  Natasha (twice) (D:3)
  An orc wizard (D:7)
  A scorpion zombie (D:4)
  A hound zombie (D:4)
  6 gnolls
  4 orcs
  2 endoplasms
  A goblin (D:2)
  2 jackals (D:4)
34 creatures vanquished.

Grand Total: 212 creatures vanquished

Notes
Turn   | Place    | Note
-------+----------+-------------------------------------------
     0 | D:1      | ryw the Demonspawn Monk began the quest for the Orb.
     0 | D:1      | Reached XP level 1. HP: 18/18 MP: 1/1
   210 | D:1      | Gained mutation: A weak demonic guardian rushes to your
                  | aid. [demonic ancestry]
   210 | D:1      | Reached XP level 2. HP: 24/24 MP: 2/2
   315 | D:1      | Found a faded altar of an unknown god.
   671 | D:1      | Reached skill level 4 in Fighting
   841 | D:2      | Noticed a phantom
  1034 | D:2      | Gained mutation: A demonic guardian rushes to your aid.
                  | [demonic ancestry]
  1034 | D:2      | Reached XP level 3. HP: 24/30 MP: 3/3
  1535 | D:2      | Killed a phantom
  1536 | D:2      | Reached skill level 5 in Fighting
  1536 | D:2      | Reached XP level 4. HP: 33/39 MP: 4/4
  1652 | D:2      | Gained mutation: You regenerate a little health from kills.
                  | [demonic ancestry]
  1652 | D:2      | Reached XP level 5. HP: 40/46 MP: 5/5
  2100 | D:3      | Noticed an ogre
  2114 | D:3      | Killed an ogre
  2115 | D:3      | Reached skill level 6 in Fighting
  2250 | D:3      | Noticed Natasha
  2267 | D:3      | Killed Natasha
  2268 | D:3      | Gained mutation: You regenerate health from kills. [demonic
                  | ancestry]
  2268 | D:3      | Reached XP level 6. HP: 35/53 MP: 6/6
  2366 | D:3      | Noticed Natasha
  2388 | D:3      | Killed Natasha
  2393 | D:3      | Reached skill level 7 in Fighting
  2435 | D:3      | Noticed Natasha
  2503 | D:3      | Killed Natasha
  2520 | D:3      | Found a bloodstained altar of Trog.
  3140 | D:4      | Found Vanueraups's Weapon Shop.
  3234 | D:4      | You are sucked into a shaft and drop 2 floors!
  3261 | D:5      | Entered Level 5 of the Dungeon
  3272 | D:5      | Noticed Hubris850's ghost (novice OgFE)
  3273 | D:5      | Found a transporter.
  3273 | D:5      | Identified the +5 giant club of Extinguishment {flame,
                  | *Noise rElec rF+++ rC-}
  3479 | D:4      | Found a snail-covered altar of Cheibriados.
  3541 | D:4      | Reached skill level 8 in Fighting
  3541 | D:4      | Reached XP level 7. HP: 41/62 MP: 7/7
  4186 | D:4      | Found a shimmering altar of Xom.
  4807 | D:4      | Reached skill level 9 in Fighting
  5023 | D:4      | Found an ancient bone altar of Kikubaaqudgha.
  5137 | D:5      | Found a broken altar of Ashenzari.
  5144 | D:5      | Became a worshipper of Ashenzari the Shackled
  5714 | D:5      | Learned a level 3 spell: Call Canine Familiar
  5863 | D:5      | Found a staircase to the Ecumenical Temple.
  6046 | D:5      | Found a transporter.
  6544 | D:6      | Found an opulent altar of Gozag.
  6562 | D:6      | Gained mutation: Your touch may inflict minor irresistible
                  | damage on your foes. [demonic ancestry]
  6562 | D:6      | Reached XP level 8. HP: 66/72 MP: 8/8
  6797 | D:6      | Reached skill level 1 in Polearms
  6926 | D:6      | Reached skill level 1 in Conjurations
  7190 | D:6      | Found an ornate altar of the Wu Jian Council.
  7194 | D:6      | Found a radiant altar of Vehumet.
  7216 | D:6      | Found a sparkling altar of Nemelex Xobeh.
  7225 | D:6      | Found a burning altar of Makhleb.
  7259 | D:7      | Reached skill level 1 in Spellcasting
  7317 | D:7      | Found a sand-covered staircase.
  7370 | Ossuary  | Entered an ossuary
  7648 | D:7      | Reached skill level 10 in Fighting
  7687 | D:7      | Found a sacrificial altar of Ru.
  7796 | D:7      | Found Meah's Assorted Antiques.
  7805 | D:7      | Bought a runed bardiche for 312 gold pieces
  7805 | D:7      | Bought a scroll labelled COASYF HA MEXTUTE for 26 gold
                  | pieces
  7972 | D:7      | Found a blossoming altar of Fedhas.
  8328 | D:7      | Noticed Pikel
  8346 | D:7      | Killed Pikel
  8347 | D:7      | Gained mutation: You are partially covered in razor-sharp
                  | scales. (AC +1, Slay +1) [demonic ancestry]
  8347 | D:7      | Reached XP level 9. HP: 26/79 MP: 12/14
  8605 | D:7      | Reached * piety under Ashenzari
  8825 | D:8      | Noticed an angel
  9015 | D:8      | Identified a scroll of acquirement
  9028 | D:8      | Acquired 770 gold pieces
  9158 | D:8      | Noticed Daunt's ghost (novice OpVM)
  9192 | D:8      | Found a runed translucent gate.
  9193 | D:8      | Found a runed translucent gate.
  9194 | D:8      | Found a runed translucent gate.
  9240 | D:8      | Reached skill level 1 in Ranged Weapons
  9286 | D:8      | Reached ** piety under Ashenzari
  9647 | D:8      | Noticed an unseen horror
 10203 | D:9      | HP: 3/82 [killer bee (5)]
 10240 | D:9      | HP: 4/82 [killer bee (4)]
 10274 | D:9      | Noticed a two-headed ogre
 10291 | D:9      | Killed a two-headed ogre
 10292 | D:9      | Reached skill level 11 in Fighting
 10292 | D:9      | Reached skill level 5 in Conjurations
 10308 | D:9      | Reached XP level 10. HP: 20/89 MP: 12/16
 10431 | D:9      | Noticed Harold
 10499 | D:9      | Killed Harold
 10500 | D:9      | Reached skill level 5 in Polearms
 10768 | D:8      | Slain by a yak

Illustrated notes

Levels and vault maps discovered:
D:1:      dpeg_arrival_short_road, layout_loops_ring,
          shapermc_ecumenical_altar_notcrosses, minmay_misc_feat_square
D:2:      wad_crossroads, layout_basic, minmay_misc_feat_four_crosses,
          minmay_misc_feat_chi
D:3:      layout_loops_ring, mainiacjoe_overflow_catwalk, uniq_natasha
D:4:      layout_rooms, mainiacjoe_overflow_cross_hatched,
          lemuel_mausoleum_altar_kikubaaqudgha, tgw_xom, serial_shops,
          nicolae_inconvenience_store
D:5:      layout_loops_ring, overflow_temple_1_default,
          minmay_temple_entry_poolview, gammafunk_ghost_smash,
          hangedman_abyss_or_decor_slice
D:6:      layout_gridville, grunt_gozag_statues, mainiacjoe_overflow_swirl,
          grunt_temple_overflow_open
D:7:      layout_loops_corners, nicolae_ru_great_annihilating_truth,
          kennysheep_little_box, serial_shops, nicolae_shop_advertising_works
          [nicolae_subvault_shop_adworks], nicolae_ossuary_entry_ruins,
          uniq_pikel
D:8:      layout_gridville, zin_angel, gammafunk_ghost_split
D:9:      layout_big_octagon, jmf_multi_god_temple, minmay_orc_keep, uniq_harold

Skill      XL: |  1  2  3  4  5  6  7  8  9 10 |
---------------+-------------------------------+-----
Fighting       | 4 5 6 8 9 10 11 | 11.1
Polearms       | 3 4 5 |  5.0
Conjurations   | 3 5 |  5.4
Spellcasting   | 3 |  3.4
Dodging        | 4 |  4.4
Ranged Weapons | 2 3 |  3.3
Stealth        | |  1.7
Unarmed Combat | |  2.6

Action                   |  1- 3 |  4- 6 |  7- 9 | 10-12 || total
-------------------------+-------+-------+-------+-------++-------
Melee: Unarmed           |    81 |   163 |       |       ||   244
       Punch             |     2 |     2 |     9 |       ||    13
       Falchion          |       |   102 |    64 |       ||   166
       Trident           |       |       |   449 |    12 ||   461
       Touch             |       |       |    67 |     2 ||    69
       Bardiche          |       |       |    13 |       ||    13
 Fire: Sling             |       |       |    10 |       ||    10
Throw: Dart              |     3 |     5 |     6 |       ||    14
       Throwing net      |       |       |     2 |       ||     2
 Cast: Call Canine Famil |       |       |     3 |     2 ||     5
Invok: Curse Item        |       |       |     3 |       ||     3
  Use: Scroll            |       |       |    23 |       ||    23
       Potion            |       |       |     4 |     1 ||     5
 Stab: Sleeping          |     7 |     1 |    13 |       ||    21
       Distracted        |       |       |     2 |       ||     2
       Invisible         |       |       |     5 |       ||     5
Armor: Robe              |    14 |    66 |   153 |    10 ||   243
Dodge: Dodged            |    39 |   179 |   404 |    40 ||   662

Table legend: (Time is in decaauts)
 A = Elapsed time spent in this place.
 B = Non-inter-level travel time spent in this place.
 C = Inter-level travel time spent in this place.
 D = Time resting spent in this place.
 E = Time spent auto-exploring this place.
 F = Levels seen in this place.
 G = Mean time per level.
                   A        B        C        D        E       F      G
               +--------+--------+--------+--------+--------+-----+--------+
         Total |  10921 |  10148 |    773 |   1999 |   5724 |  10 | 1092.1 |
       Dungeon |  10625 |   9852 |    773 |   1999 |   5636 |   9 | 1180.6 |
       Ossuary |    295 |    295 |      0 |      0 |     88 |   1 |  295.0 |
               +--------+--------+--------+--------+--------+-----+--------+

Top non-repeatable levels by time:
     D:4: 1796 daAuts
     D:5: 1612 daAuts
     D:7: 1431 daAuts
     D:3: 1355 daAuts
     D:8: 1182 daAuts
     D:1: 1119 daAuts
     D:2: 835 daAuts
     D:9: 680 daAuts
     D:6: 613 daAuts
 Ossuary: 295 daAuts
